 Dungeon Crawl Stone Soup version 0.29.0-4-gdea44cf6ec (webtiles) character file.

Game seed: 2355257541776003659

272 qw the Chopper (level 6, -2/38 HPs)
             Began as a Gargoyle Fighter on Sept 9, 2022.
             Was an Initiate of Okawaru.
             Killed from afar by an orc wizard (10 damage)
             ... with a puff of flame
             ... on level 4 of the Dungeon.
             The game lasted 00:01:34 (3853 turns).

qw the Chopper (Gargoyle Fighter)                   Turns: 3853, Time: 00:01:34

Health: -2/38      AC: 12    Str: 21    XL:     6   Next: 23%
Magic:  6/6        EV:  9    Int:  9    God:    Okawaru [......]
Gold:   172        SH:  0    Dex:  9    Spells: 5/5 levels left

rFire   . . .      SeeInvis .   Y - +1 war axe
rCold   . . .      Faith    .   c - +0 buckler
rNeg    + . .      Spirit   .   b - +0 scale mail
rPois   inf        Reflect  .   a - +0 helmet
rElec   +          Harm     .   (no cloak)
rCorr   .          Rampage  .   (no gloves)
Will    .....                   (no boots)
Stlth   ..........              (no amulet)
HPRegen 0.12/turn               (no ring)
MPRegen 0.10/turn               (no ring)

@: confused
A: sickness immunity, AC +4, negative energy resistance 1, electricity
resistance, torment resistance 1, petrification resistance
a: Renounce Religion


You were on level 4 of the Dungeon.
You worshipped Okawaru.
Okawaru was noncommittal.
You visited 1 branch of the dungeon, and saw 4 of its levels.

You collected 172 gold pieces.


Innate Abilities, Weirdness & Mutations

You are immune to sickness and miasma.
Your stone body is resilient. (AC +4)
You are immune to poison.
You resist negative energy. (rN+)
You are resistant to electric shocks. (rElec)
You are resistant to unholy torment.
You are immune to petrification.


   Skills:
 - Level 4.0 Fighting
 + Level 5.2 Axes
 - Level 3.2 Armour
 - Level 1.0 Dodging
 - Level 3.2 Shields


You had 5 spell levels left.
You didn't know any spells.
Your spell library was empty.

Inventory:

Hand Weapons
 m - a +3 whip
 Y - a +1 war axe (weapon)
Armour
 a - a +0 helmet (worn)
 b - a +0 scale mail (worn)
 c - a +0 buckler (worn)
 e - a +1 pair of boots
Scrolls
 f - 6 scrolls of identify
Potions
 d - 3 potions of might
 h - a potion of mutation
 l - a potion of cancellation

Dungeon Overview and Level Annotations

Branches:
Dungeon (4/15)
 Temple: D:4-7

Altars:
Cheibriados
Fedhas
Okawaru
Qazlal

Shops:
D:3 [


Message History

There is a strange disturbance nearby!
Something hits you but does no damage.
You're too confused to attack without stumbling around!
There is a strange disturbance nearby!
Something hits you but does no damage.
You're too confused to attack without stumbling around!
There is a strange disturbance nearby!
You feel less confused. Something hits you but does no damage.
You closely miss something.
Something hits you but does no damage. x2
You closely miss something. Something hits you but does no damage.
You miss something. Something hits you but does no damage.
You hit something.
Something hits you but does no damage. x2
You barely miss something. Something hits you but does no damage.
You closely miss something. Something hits you but does no damage.
You barely miss something.
You hear some strange, mumbled words.
A magic dart appears from out of thin air!
The magic dart hits you.
You hear some strange, mumbled words.
You are confused.
You're too confused to attack without stumbling around!
There is a strange disturbance nearby!
Something hits you.
You're too confused to attack without stumbling around!
There is a strange disturbance nearby!
Something hits you.
You're too confused to attack without stumbling around!
There is a strange disturbance nearby!
An orc wizard appears from thin air!
Reactivating autopickup.
The orc wizard casts a spell at you. The puff of flame hits you!
You die...

........#......#
.^..##..#.####.#
..............#
###..#.#.......#
.....#.#%......#
####+##............#
.....................
........###.......####
......o@..........#
##.####)..#.......#
#.....>........
o...#############
#.####


You could see an orc wizard.

Vanquished Creatures
  A hound (D:3)
  An orc wizard (D:4)
  Robin (D:3)
  4 adders
  6 gnolls (D:3)
  A worm (D:2)
  A dart slug (D:1)
  6 orcs
  3 ball pythons
  11 endoplasms
  4 giant cockroaches
  10 goblins
  10 hobgoblins
  7 jackals
  7 kobolds
  5 quokkas
  11 bats
  2 frilled lizards
  5 rats
96 creatures vanquished.

Notes
Turn   | Place    | Note
-------+----------+-------------------------------------------
     0 | D:1      | qw the Gargoyle Fighter began the quest for the Orb.
     0 | D:1      | Reached XP level 1. HP: 14/14 MP: 1/1
     0 | D:1      | 0 ||| qw: Version: 0.1-a-113-g051387a
     0 | D:1      | 0 ||| qw: Game counter: 7072
     0 | D:1      | 0 ||| qw: Always use a shield: true
     0 | D:1      | 0 ||| qw: God list: Okawaru
     0 | D:1      | 0 ||| qw: Allow faded altars: false
     0 | D:1      | 0 ||| qw: Do Orc after D:15 true
     0 | D:1      | 0 ||| qw: Do second Lair branch before Depths: true
     0 | D:1      | 0 ||| qw: Lair rune preference: random
     0 | D:1      | 0 ||| qw: Plans: Normal, Zot, God:TSO, Crypt, Tomb, Zig,
                  | Orb
     0 | D:1      | 0 ||| PLANNING D:1-11
    99 | D:1      | 99 ||| Stepping ~*~*~tactically~*~*~ (stealth).
   103 | D:1      | 103 ||| Stepping ~*~*~tactically~*~*~ (stealth).
   113 | D:1      | Reached skill level 2 in Axes
   411 | D:1      | Reached XP level 2. HP: 19/19 MP: 2/2
   455 | D:1      | Found a faded altar of an unknown god.
   528 | D:1      | 528 ||| Stepping ~*~*~tactically~*~*~ (hiding).
   813 | D:1      | Reached skill level 3 in Axes
   901 | D:1      | Reached XP level 3. HP: 19/23 MP: 3/3
  1466 | D:1      | 1466 ||| READING scroll labelled GON INKENO.
  1469 | D:1      | 1469 ||| READING 3 scrolls labelled WAIP KA FUS.
  1470 | D:1      | 1470 ||| READING scroll labelled DAEXZEO PYUPN.
  1471 | D:1      | 1471 ||| READING 2 scrolls of identify.
  1471 | D:1      | 1471 ||| IDENTIFYING black potion
  1472 | D:1      | 1472 ||| DROPPING potion of brilliance.
  1793 | D:2      | Reached XP level 4. HP: 28/28 MP: 4/4
  1877 | D:2      | 1877 ||| Stepping ~*~*~tactically~*~*~ (stealth).
  1899 | D:2      | Reached skill level 4 in Axes
  2045 | D:2      | 2045 ||| Stepping ~*~*~tactically~*~*~ (stealth).
  2072 | D:2      | 2072 ||| Stepping ~*~*~tactically~*~*~ (stealth).
  2244 | D:2      | 2244 ||| DROPPING amulet of faith.
  2245 | D:2      | 2245 ||| READING scroll labelled HOUSALEMEI.
  2246 | D:2      | 2246 ||| DRINKING 2 ruby potions.
  2269 | D:3      | 2269 ||| Stepping ~*~*~tactically~*~*~ (stealth).
  2285 | D:3      | Reached XP level 5. HP: 11/32 MP: 5/5
  2505 | D:3      | Found a snail-covered altar of Cheibriados.
  2509 | D:3      | 2509 ||| Stepping ~*~*~tactically~*~*~ (stealth).
  2511 | D:3      | Noticed Robin
  2512 | D:3      | 2512 ||| Stepping ~*~*~tactically~*~*~ (hiding).
  2529 | D:3      | Killed Robin
  2793 | D:3      | Found a blossoming altar of Fedhas.
  2979 | D:3      | Found a stormy altar of Qazlal.
  3056 | D:3      | Found Adost's Antique Armour Shop.
  3061 | D:3      | 3061 ||| SHOPLISTING fine plate armour (728 gold, have
                  | 141).
  3061 | D:3      | 3061 ||| SHOPLISTING runed orb (312 gold, have 141).
  3061 | D:3      | 3061 ||| SHOPLISTING runed ring mail (182 gold, have 141).
  3158 | D:3      | 3158 ||| Stepping ~*~*~tactically~*~*~ (stealth).
  3171 | D:3      | Reached skill level 5 in Axes
  3175 | D:3      | 3175 ||| Stepping ~*~*~tactically~*~*~ (stealth).
  3187 | D:3      | Found an iron altar of Okawaru.
  3232 | D:3      | Became a worshipper of Warmaster Okawaru
  3414 | D:3      | 3414 ||| Stepping ~*~*~tactically~*~*~ (stealth).
  3450 | D:3      | 3450 ||| FLEEEEING.
  3603 | D:3      | 3603 ||| DROPPING +0 mace.
  3654 | D:3      | 3654 ||| UPGRADING to +0 helmet.
  3659 | D:3      | 3659 ||| READING scroll labelled HYRIOVV XILUOF.
  3660 | D:3      | 3660 ||| READING scroll labelled JUEFRI DEMMAE.
  3661 | D:3      | 3661 ||| READING 8 scrolls of identify.
  3661 | D:3      | 3661 ||| IDENTIFYING fuming ruby potion
  3662 | D:3      | 3662 ||| READING 7 scrolls of identify.
  3662 | D:3      | 3662 ||| IDENTIFYING silvery potion
  3711 | D:4      | Reached skill level 1 in Dodging
  3711 | D:4      | Reached XP level 6. HP: 38/38 MP: 6/6
  3808 | D:4      | 3808 ||| Stepping ~*~*~tactically~*~*~ (stealth).
  3810 | D:4      | 3810 ||| Stepping ~*~*~tactically~*~*~ (stealth).
  3811 | D:4      | 3811 ||| Stepping ~*~*~tactically~*~*~ (hiding).
  3821 | D:4      | 3821 ||| DRINKING potion of curing.
  3821 | D:4      | 3821 ||| (to cure confusion)
  3851 | D:4      | HP: 8/38 [something (3)]
  3853 | D:4      | Killed from afar by an orc wizard

Levels and vault maps discovered:
D:1:      dpeg_arrival_oval, layout_loops_ring,
          hellmonk_ecumenical_altar_heavens_door
D:2:      layout_loops_ring
D:3:      minmay_evil_eye, layout_loops_ring, fedhas_ov_isle_minmay,
          okawaru_altar_gauntlet_db, grunt_qazlal_clouds,
          mainiacjoe_overflow_24_doors, serial_shops, shop, patterned_corridor,
          uniq_robin
D:4:      layout_basic, minmay_temple_entry_waves,
          hangedman_abyss_or_decor_slice

Skill      XL: |  1  2  3  4  5 |
---------------+----------------+-----
Axes           | 2 3 4 5 |  5.2
Fighting       | 4 |  4.0
Dodging        | 1 |  1.0
Armour         | |  3.2
Shields        | |  3.2

Action                   |  1- 3 |  4- 6 || total
-------------------------+-------+-------++-------
Melee: War axe           |   102 |   155 ||   257
Throw: Boomerang         |    17 |    40 ||    57
  Use: Scroll            |     4 |     5 ||     9
       Potion            |       |     2 ||     2
Armor: Scale mail        |    53 |   112 ||   165
Dodge: Dodged            |    65 |    78 ||   143
Block: Buckler           |    18 |    31 ||    49

Table legend:
 A = Non-vault XP
 B = Vault XP
 C = Vault XP percentage of total XP
 D = Non-vault monster count
 E = Vault monster count
 F = Vault count percentage of total count
                 A         B        C        D         E       F
            +---------+---------+-------+---------+---------+-------
      Total |     312 |      77 |  19.8 |      75 |      21 |  21.9
            +---------+---------+-------+---------+---------+-------
        D:1 |      54 |       0 |   0.0 |      28 |       0 |   0.0
        D:2 |      71 |       0 |   0.0 |      26 |       0 |   0.0
        D:3 |     113 |      77 |  40.5 |      13 |      21 |  61.8
        D:4 |      74 |       0 |   0.0 |       8 |       0 |   0.0
            +---------+---------+-------+---------+---------+-------
